 Dungeon Crawl Stone Soup version 0.21.1-1-g345015fe64 (webtiles) character file.

55184 Bapho the Basher (level 14, -5/92 HPs)
             Began as a Gargoyle Berserker on June 11, 2018.
             Was an Elder of Trog.
             Slain by a tyrant leech (18 damage)
             ... on level 6 of the Lair of Beasts.
             The game lasted 00:51:56 (19419 turns).

Bapho the Basher (Gargoyle Berserker)              Turns: 19419, Time: 00:51:57

Health: -5/92      AC: 32    Str: 34    XL:     14   Next: 76%
Magic:  14/14      EV: 12    Int:  8    God:    Trog [****..]
Gold:   1413       SH:  0    Dex:  9    Spells: 13/13 levels left

rFire    . . .     SeeInvis .   a - +3 morningstar (crush)
rCold    + . .     Gourm    .   (no shield)
rNeg     + + +     Faith    .   B - +0 plate armour {MR+}
rPois    ∞         Spirit   .   v - +0 helmet
rElec    +         Reflect  .   F - +0 cloak
rCorr    +         Harm     .   g - +1 pair of gloves
MR       ++...                  A - +0 pair of boots
Stlth    ..........             Z - amulet of Jamaefach {rC+ Regen+}
HPRegen  0.65/turn              e - ring "Eqiogant" {rN+ Str+4 Stlth+}
MPRegen  0.14/turn              t - ring "Isumamme" {rCorr rPois rN+ Str+4}

@: no status effects
A: big wings, negative energy resistance 1, electricity resistance, unbreathing,
petrification resistance, rot immunity, AC +10
a: Fly, Berserk, Trog's Hand, Brothers in Arms, Burn Spellbooks, Renounce
Religion


You were on level 6 of the Lair of Beasts.
You worshipped Trog.
Trog was greatly pleased with you.
You were not hungry.

You visited 2 branches of the dungeon, and saw 17 of its levels.
You also visited: Trove and Volcano.

You collected 1478 gold pieces.
You spent 65 gold pieces at shops.

Inventory:

Hand Weapons
 a - a +3 morningstar of crushing (weapon)
 b - a +2 longbow of flaming
 K - a +1 dire flail of protection
Missiles
 j - 137 arrows
 U - 92 stones (quivered)
Armour
 g - a +1 pair of gloves (worn)
 v - a +0 helmet (worn)
 A - a +0 pair of boots (worn)
 B - a +0 plate armour of magic resistance (worn)
 F - a +0 cloak (worn)
 I - a +0 plate armour
Jewellery
 e - the ring "Eqiogant" (left hand) {rN+ Str+4 Stlth+}
   (You found it in a treasure trove)

   [ring of strength]

   It affects your strength (+4).
   It protects you from negative energy.
   It makes you more stealthy.
 f - an uncursed ring of fire
 i - a cursed -2 ring of protection
 n - an uncursed amulet of faith {unknown}
 t - the ring "Isumamme" (right hand) {rCorr rPois rN+ Str+4}
   (You found it in a treasure trove)

   [ring of resist corrosion]

   It affects your strength (+4).
   It protects you from poison.
   It protects you from negative energy.
 Z - the amulet of Jamaefach (around neck) {rC+ Regen+}
   (You found it in a treasure trove)

   [amulet of regeneration]

   It protects you from cold.
   It increases your rate of regeneration.
Wands
 h - a wand of paralysis (29)
 q - a wand of disintegration (12)
 y - a wand of flame (61)
 L - a wand of digging (13)
 V - a wand of random effects (43)
 X - a wand of iceblast (24)
Scrolls
 k - a scroll of enchant weapon
 p - 2 scrolls of identify
 s - 5 scrolls of teleportation
 x - 2 scrolls of blinking
 C - 9 scrolls of remove curse
 E - a scroll of fear
 G - 3 scrolls of fog
 M - a scroll of brand weapon {unknown}
 P - 2 scrolls of enchant armour
Potions
 d - 2 potions of might
 m - 5 potions of agility
 o - 2 potions of invisibility
 r - 8 potions of curing
 u - 5 potions of berserk rage
 w - a potion of magic {unknown}
 z - 4 potions of cancellation
 D - 4 potions of lignification
 H - 3 potions of heal wounds
 Q - 2 potions of brilliance
 R - 3 potions of resistance
 S - a potion of haste
 T - a potion of mutation
Books
 l - a book of Fire

   Spells                             Type                      Level
   a - Ignite Poison                  Fire/Transmutation/Poison    3
   b - Fireball                       Conjuration/Fire             5
   c - Bolt of Fire                   Conjuration/Fire             6
   d - Ring of Flames                 Charms/Fire                  7
   e - Ignition                       Fire                         8
   Trog disapproves of the use of such an item.
 J - a book of Battle

   Spells                             Type                      Level
   a - Infusion                       Charms                       1
   b - Shroud of Golubria             Charms/Translocation         2
   c - Song of Slaying                Charms                       2
   d - Spectral Weapon                Hexes/Charms                 3
   e - Regeneration                   Charms/Necromancy            3
   Trog disapproves of the use of such an item.
 O - a Young Poisoner's Handbook

   Spells                             Type                      Level
   a - Sting                          Conjuration/Poison           1
   b - Poisonous Vapours              Poison/Air                   2
   c - Mephitic Cloud                 Conjuration/Poison/Air       3
   d - Olgreb's Toxic Radiance        Poison                       4
   e - Venom Bolt                     Conjuration/Poison           5
   Trog disapproves of the use of such an item.
 W - a book of Maledictions

   Spells                             Type                      Level
   a - Corona                         Hexes                        1
   b - Ensorcelled Hibernation        Hexes/Ice                    2
   c - Confuse                        Hexes                        3
   d - Tukima's Dance                 Hexes                        3
   e - Dazzling Spray                 Conjuration/Hexes            3
   Trog disapproves of the use of such an item.
Comestibles
 c - 39 rations
 N - 5 chunks of flesh


   Skills:
 + Level 12.6 Fighting
 - Level 14.1 Maces & Flails
 - Level 11.8 Bows
 * Level 10.8 Armour
 * Level 8.4 Dodging


You had 13 spell levels left.
You didn't know any spells.

Dungeon Overview and Level Annotations

Branches:
Dungeon (11/15)            Temple (0/1) D:4            Lair (6/6) D:11
  Swamp (0/4) Lair:3        Snake (0/4) Lair:4        Slime (0/5) Lair:5
    Orc (0/2) D:11

Altars:
Makhleb
Okawaru
Ru
Wu Jian
Yredelemnul

Shops:
D:4 !

Annotations:
Lair:2 exclusion: 3 oklob plants


Innate Abilities, Weirdness & Mutations

You are resistant to torment.
Your stone body is resilient. (AC +10)
You are immune to poison.
Your large and strong wings let you fly indefinitely.
You resist negative energy. (rN+)
You are resistant to electric shocks. (rElec)
You can survive without breathing.
You are immune to petrification.
You are immune to rotting.


Message History

Trog accepts your kill. The tyrant leech bites you!
The lindwurm breathes flames at you. The blast of flame hits you!
You are too injured to fight recklessly!
You are too injured to fight recklessly!
You are too injured to fight recklessly!
Unknown command.
You bludgeon the tyrant leech!!
The tyrant leech is heavily wounded.
You hit the tyrant leech.
The tyrant leech is heavily wounded.
The lindwurm breathes flames at you. The blast of flame hits you!
* * * LOW HITPOINT WARNING * * *
The tyrant leech bites you but does no damage.
You barely miss the tyrant leech.
The tyrant leech is heavily wounded.
The tyrant leech bites you!!
You die...

####... ##### #..#...
....## ###PP.. ....P#
#..PP.. ....# #......
.(((## ##...#. ##
(.PPP# ##P.#..#
##.#(.P# #..##.## .
##.#@..# #...#### ...
#.#wk.#.# ##..## #
#...#(.P(## ##..# #
#..((...#### #...###
###.P....#.# ###...#
####(...### ###...
##.....### #.##⌠.
####.(#.....#####....
#P....##.....#.#...##


You could see a tyrant leech and a lindwurm.

Vanquished Creatures
  Gastronok (D:8)
  A stone giant (Volcano)
  Nessos (Lair:4)
  A fire dragon (Lair:6)
  Harold (D:10)
  5 hydras
  Erica (D:10)
  4 two-headed ogres
  An unseen horror (D:7)
  A lindwurm (Lair:6)
  2 oklob plants (Lair:2)
  Joseph (D:7)
  5 black mambas
  3 gargoyles
  3 torpor snails (Lair:6)
  8 spiny frogs
  2 molten gargoyles (Volcano)
  2 rime drakes
  4 komodo dragons
  An efreet (Volcano)
  5 trolls
  8 hornets
  2 tyrant leeches (Lair:6)
  6 polar bears
  Grinder (D:2)
  28 blink frogs
  13 dream sheep
  7 hippogriffs
  A redback (Lair:5)
  A wraith (D:11)
  2 fire elementals (Volcano)
  42 yaks
  5 wyverns
  2 fire bats (Volcano)
  2 basilisks
  Eustachio (D:6)
  2 hungry ghosts
  Edmund (D:5)
  A harpy simulacrum (D:10)
  20 water moccasins
  6 porcupines
  6 orc warriors
  7 sky beasts
  2 ice beasts (D:11)
  7 black bears
  A necrophage (D:9)
  2 phantoms (D:5)
  7 ogres
  8 wolves
  5 centaurs
  16 crocodiles
  A big kobold (D:7)
  Blork the orc (D:6)
  11 bullfrogs
  2 wyvern zombies
  3 scorpions
  10 killer bees
  5 wights (D:5)
  4 electric eels
  2 howler monkeys
  6 lava snakes (Volcano)
  A bullfrog zombie (D:7)
  10 crimson imps
  A jelly (D:5)
  9 hounds
  10 orc wizards
  2 bullfrog skeletons
  5 orc priests
  2 centaur skeletons
  4 iguanas
  Natasha (thrice) (D:3)
  Terence (D:2)
  9 worker ants
  A hound skeleton (D:5)
  A worker ant zombie (D:7)
  Robin (D:3)
  8 adders
  7 gnolls
  2 shadow imps
  2 adder skeletons
  2 worms
  2 dart slugs
  7 leopard geckos
  43 orcs
  6 ball pythons
  5 giant cockroaches
  11 hobgoblins
  21 jackals
  9 kobolds
  6 quokkas
  A ball python zombie (D:6)
  8 bats
  10 frilled lizards
  15 goblins
  A quokka skeleton (D:9)
  9 rats
  A plant (Lair:6)
546 creatures vanquished.

Vanquished Creatures (others)
  An orc (D:5)
  6 fungi (Lair:3)
  6 plants
13 creatures vanquished.

Grand Total: 559 creatures vanquished

Notes
Turn   | Place    | Note
-------+----------+-------------------------------------------
     0 | D:1      | Bapho the Gargoyle Berserker began the quest for the Orb.
     0 | D:1      | Reached XP level 1. HP: 14/14 MP: 1/1
   222 | D:1      | Reached XP level 2. HP: 19/19 MP: 2/2
   591 | D:1      | Reached XP level 3. HP: 17/24 MP: 3/3
   717 | D:1      | Reached ** piety under Trog
  1259 | D:2      | Reached skill level 4 in Maces & Flails
  1633 | D:2      | Noticed a scorpion
  1641 | D:2      | Killed a scorpion
  1641 | D:2      | Reached XP level 4. HP: 29/29 MP: 4/4
  1703 | D:2      | Noticed Terence
  1715 | D:2      | Killed Terence
  1715 | D:2      | Reached XP level 5. HP: 34/34 MP: 5/5
  1927 | D:3      | Noticed Grinder
  1927 | D:3      | Noticed Robin
  1945 | D:2      | Killed Grinder
  1945 | D:2      | Reached skill level 5 in Fighting
  1945 | D:2      | Reached skill level 6 in Maces & Flails
  1945 | D:2      | Reached XP level 6. HP: 40/40 MP: 6/6
  1997 | D:3      | Killed Robin
  2416 | D:3      | Found a burning altar of Makhleb.
  2435 | D:3      | Noticed Natasha
  2442 | D:3      | Killed Natasha
  2489 | D:3      | Noticed Natasha
  2499 | D:3      | Killed Natasha
  2634 | D:3      | Reached XP level 7. HP: 43/44 MP: 7/7
  2635 | D:3      | Reached *** piety under Trog
  2964 | D:3      | Noticed an Executioner
  2967 | D:3      | Noticed a ynoxinul
  2967 | D:3      | Noticed a hellwing
  3031 | D:3      | Noticed Natasha
  3058 | D:3      | Killed Natasha
  3719 | D:4      | Reached skill level 7 in Maces & Flails
  3914 | D:4      | Found an iron altar of Okawaru.
  3956 | D:4      | Got an encrusted hunting sling
  3957 | D:4      | Identified the +4 hunting sling "Leriffyf" {velocity, *Drain rF+ rC+ MR+} (You found it on level 4 of the Dungeon)
  3991 | D:4      | Found a staircase to the Ecumenical Temple.
  4370 | D:4      | Found Jahell's Distillery.
  4375 | D:4      | Bought a potion of heal wounds for 65 gold pieces
  4557 | D:5      | Entered Level 5 of the Dungeon
  4741 | D:5      | Reached XP level 8. HP: 51/51 MP: 8/8
  4780 | D:5      | Reached **** piety under Trog
  4934 | D:5      | Reached skill level 5 in Armour
  5527 | D:6      | Noticed Eustachio
  5534 | D:6      | Reached XP level 9. HP: 55/55 MP: 9/9
  5551 | D:6      | Killed Eustachio
  5551 | D:6      | Reached skill level 5 in Dodging
  5570 | D:6      | Noticed Edmund
  5715 | D:5      | Killed Edmund
  5893 | D:6      | Noticed Blork the orc
  5999 | D:6      | Killed Blork the orc
  6670 | D:7      | Noticed Joseph
  6687 | D:7      | Killed Joseph
  6742 | D:7      | Reached skill level 8 in Maces & Flails
  6845 | D:7      | Received a gift from Trog
  6915 | D:7      | Killed an unseen horror
  6915 | D:7      | Reached skill level 9 in Maces & Flails
  6915 | D:7      | Reached XP level 10. HP: 33/63 MP: 10/10
  8110 | D:8      | Noticed Gastronok
  8134 | D:8      | Killed Gastronok
  8134 | D:8      | Reached skill level 10 in Maces & Flails
  8276 | D:8      | Found a basalt altar of Yredelemnul.
  8384 | D:8      | Noticed a brown ugly thing
  8384 | D:8      | Noticed a centaur warrior
  8820 | D:9      | Reached ***** piety under Trog
  8896 | D:9      | Reached skill level 11 in Maces & Flails
  8896 | D:9      | Reached XP level 11. HP: 69/69 MP: 11/11
  8911 | D:9      | Noticed a two-headed ogre
  8920 | D:9      | Killed a two-headed ogre
  9608 | D:10     | Entered Level 10 of the Dungeon
  9615 | D:10     | Noticed a two-headed ogre
  9627 | D:10     | Killed a two-headed ogre
  9627 | D:10     | Reached skill level 12 in Maces & Flails
  9870 | D:10     | Noticed Harold
  9889 | D:10     | Killed Harold
  9889 | D:10     | Reached skill level 10 in Fighting
  9979 | D:10     | Noticed a two-headed ogre
  9986 | D:10     | Killed a two-headed ogre
 10050 | D:10     | Noticed Erica
 10078 | D:10     | Killed Erica
 10489 | D:10     | Found an ornate altar of the Wu Jian Council.
 10518 | D:10     | Noticed a two-headed ogre
 10526 | D:10     | Reached skill level 13 in Maces & Flails
 10531 | D:10     | Killed a two-headed ogre
 10531 | D:10     | Reached XP level 12. HP: 79/79 MP: 12/12
 11121 | D:11     | Got a warped scale mail
 11213 | D:10     | Identified the +5 scale mail of the Cricket {Str-4 Int+2 Stlth+} (You found it on level 11 of the Dungeon)
 11440 | D:11     | Reached ****** piety under Trog
 11455 | D:11     | Received a gift from Trog
 11671 | D:11     | Found a sacrificial altar of Ru.
 11756 | D:11     | Reached skill level 14 in Maces & Flails
 11854 | D:11     | Found a staircase to the Lair.
 12034 | D:11     | Found a staircase to the Orcish Mines.
 12266 | D:11     | Found a portal to a secret trove of treasure.
 12311 | Trove    | Entered a treasure trove
 12319 | Trove    | Got a scintillating steel ring
 12321 | Trove    | Got a glittering bone ring
 12331 | Trove    | Got an ancient copper ring
 12339 | Trove    | Got a faintly glowing golden amulet
 12343 | Trove    | Identified the ring of Tiuca {*Corrode +Inv rF+ rC+ rN+} (You found it in a treasure trove)
 12345 | Trove    | Identified the ring "Eqiogant" {rN+ Str+4 Stlth+} (You found it in a treasure trove)
 12347 | Trove    | Identified the ring "Isumamme" {rCorr rPois rN+ Str+4} (You found it in a treasure trove)
 12350 | Trove    | Identified the amulet of Jamaefach {rC+ Regen+} (You found it in a treasure trove)
 12379 | Trove    | Got a bound graven amulet
 12381 | Trove    | Got a flickering granite ring
 12390 | Trove    | Identified the amulet "Noshrairo" {+Rage rC++ Str+2} (You found it in a treasure trove)
 12392 | Trove    | Identified the ring "Larrysk" {Ice -Tele MR+ Int+2} (You found it in a treasure trove)
 12540 | Lair:1   | Entered Level 1 of the Lair of Beasts
 13083 | Lair:1   | Reached skill level 1 in Bows
 13562 | Lair:2   | Reached skill level 5 in Bows
 13706 | Lair:2   | Identified a scroll of acquirement
 13747 | Lair:2   | Reached XP level 13. HP: 79/85 MP: 13/13
 13783 | Lair:2   | Found a dark tunnel.
 13789 | Volcano  | Entered a volcano
 14181 | Volcano  | Found a radiant altar of Vehumet.
 14197 | Volcano  | Reached * piety under Trog
 14291 | Volcano  | Noticed a stone giant
 14299 | Volcano  | Killed a stone giant
 15610 | Lair:3   | Reached skill level 10 in Bows
 15686 | Lair:3   | Found a staircase to the Swamp.
 16560 | Lair:4   | Found a staircase to the Snake Pit.
 16696 | Lair:4   | Noticed Nessos
 16779 | Lair:4   | Killed Nessos
 16779 | Lair:4   | Gained mutation: Your large and strong wings let you fly indefinitely. [Gargoyle growth]
 16779 | Lair:4   | Reached XP level 14. HP: 52/91 MP: 14/14
 16872 | Lair:4   | Received a gift from Trog
 18450 | Lair:5   | Found a staircase to the Slime Pits.
 18607 | Lair:6   | Entered Level 6 of the Lair of Beasts
 18623 | Lair:6   | Reached skill level 10 in Armour
 18660 | Lair:5   | Received a gift from Trog
 19180 | Lair:6   | Found a runed door.
 19366 | Lair:6   | Received a gift from Trog
 19419 | Lair:6   | Slain by a tyrant leech

Skill      XL: |  1  2  3  4  5  6  7  8  9 10 11 12 13 14 |
---------------+-------------------------------------------+-----
Maces & Flails | 4 6 7 9 11 13 14 | 14.1
Fighting       | 4 5 6 7 8 10 11 12 | 12.6
Dodging        | 2 4 6 8 |  8.4
Armour         | 3 6 8 10 | 10.8
Bows           | 6 11 | 11.8

Action                   |  1- 3 |  4- 6 |  7- 9 | 10-12 | 13-15 || total
-------------------------+-------+-------+-------+-------+-------++-------
Melee: Mace              |   110 |   125 |   352 |       |       ||   587
       Dire flail        |       |       |   187 |   551 |       ||   738
       Flail             |       |       |       |   353 |    65 ||   418
       Morningstar       |       |       |       |       |   421 ||   421
 Fire: Hunting sling     |       |       |    12 |       |       ||    12
       Shortbow          |       |       |       |    17 |   172 ||   189
       Longbow           |       |       |       |       |   114 ||   114
Throw: Stone             |    83 |    17 |   166 |   217 |    29 ||   512
Invok: Berserk           |     1 |     4 |     5 |    10 |     5 ||    25
       Trog's Hand       |       |     1 |     1 |     2 |       ||     4
  Use: Scroll            |       |       |     8 |    19 |       ||    27
  Eat: Chunk             |     2 |     9 |    19 |    30 |    20 ||    80
       Ration            |       |       |       |     2 |     1 ||     3
Armor: Animal skin       |    28 |       |       |       |       ||    28
       Ring mail         |    15 |   108 |    55 |       |       ||   178
       Chain mail        |       |       |    86 |       |       ||    86
       Plate armour      |       |       |   237 |   551 |   475 ||  1263
Dodge: Dodged            |    66 |   140 |   247 |   381 |   316 ||  1150
